 Dungeon Crawl Stone Soup version 0.31-a0-180-g519b7de00c (webtiles) character file.

Game seed: 14374405864790216626

5 qw the Shooter (level 1, -4/19 HPs)
             Began as a Naga Hunter on June 19, 2023.
             Slain by a gnoll
             ... wielding a +0 spear
              (7 damage)
             ... on level 1 of the Dungeon.
             The game lasted 00:00:02 (180 turns).

qw the Shooter (Naga Hunter)                         Turns: 180, Time: 00:00:03

Health: -4/19      AC:  1    Str: 13    XL:     1   Next: 80%
Magic:  1/1        EV:  9    Int:  9    God:
Gold:   0          SH:  0    Dex: 14    Spells: 0/0 levels left

rFire   . . .        Y - +0 shortbow
rCold   . . .        (shield currently unavailable)
rNeg    . . .        c - +0 leather armour
rPois   +            (no helmet)
rElec   .            (no cloak)
rCorr   .            (no gloves)
SInv    +            (no barding)
Will    .....        (no amulet)
Stlth   ++           (no ring)
HPRegen 0.23/turn    (no ring)
MPRegen 0.07/turn

%: no passive effects
@: very slow
A: AC +0, large, see invisible, deformed body, poison resistance, slowness 2,
spit poison 1, naga tail 1
a: Spit Poison


You were on level 1 of the Dungeon.
You visited 1 branch of the dungeon, and saw 1 of its levels.


Innate Abilities, Weirdness & Mutations

Your serpentine skin is tough. (AC +0)
You have supernaturally acute eyesight. (SInv)
Armour fits poorly on your strangely shaped body.
Your system is resistant to poisons. (rPois)
You cover ground very slowly.
You can spit poison.
You have a snake-like lower body.


   Skills:
 - Level 2.0 Fighting
 + Level 3.9 Ranged Weapons
 - Level 1.5 Dodging
 - Level 1.5 Stealth


You couldn't memorise any spells.
You didn't know any spells.
Your spell library was empty.

Inventory:

Hand Weapons
 Y - a +0 shortbow (weapon)
Armour
 c - a +0 leather armour (worn)
Scrolls
 b - a scroll of butterflies

Dungeon Overview and Level Annotations

Branches:
Dungeon (1/15)

Altars:

Annotations:
D:1 exclusion: gnoll


Message History

Enter note:
173 ||| INVOKING Spit Poison.
Aiming: Spit Poison (3% risk of failure)
Press: ? - help, Shift-Dir - straight line, f - bat The splash of poison hits the bat!
The bat is poisoned.
You kill the bat!
Found a whip.
Enter note: A gnoll comes into view. It is wielding a +0 spear.
Found a cloak.
The gnoll shouts!
The gnoll hits you from afar with a +0 spear.
Enter note: You shoot an arrow.
The arrow barely misses the gnoll.
You have got your breath back.
The gnoll completely misses you.
177 ||| INVOKING Spit Poison.
Aiming: Spit Poison (3% risk of failure)
Press: ? - help, Shift-Dir - straight line, f/p - gnoll You fail to use your ability.
The gnoll closely misses you.
178 ||| INVOKING Spit Poison.
Aiming: Spit Poison (3% risk of failure)
Press: ? - help, Shift-Dir - straight line, f/p - gnoll The splash of poison hits the gnoll.
The gnoll is poisoned.
The gnoll is lightly wounded.
The gnoll hits you from afar with a +0 spear.
You shoot an arrow.
The arrow hits the gnoll but does no damage.
The gnoll is lightly wounded.
The gnoll hits you from afar with a +0 spear!
The gnoll hits you from afar with a +0 spear.
Enter note:
180 ||| READING scroll labelled UPY IXZASEKA.
As you read the scroll labelled UPY IXZASEKA, it crumbles to dust.
You feel aware of your surroundings.
It was a scroll of revelation.
You have got your breath back.
The gnoll hits you from afar with a +0 spear!
You die...

.8##.#
#.#*,**,*,*,,******,,,*,*
..##.# #.##.##.#.#..###
*,,,*,,
...#.####.##....#.######
*,,,*,,
..8#.##...#####.#.######
*,,,*,,
.....##.#########.######
*,,,*,,
..8#)##.#.......#.######
*,,,*,,
...#.##.#.#####.#g######
*,,,*,,
..##.##.#.#K..#.#.######*
*,,,*,,
.8##.##.#.#..##.@?......*
*,,,,,,
..##.##.#.#..##.........*
*,,*,,*
.###......#..##.........*
*,,,,,* .#
####...#..##.........*
*,,,*,* ##
#...#......%......***,,,*,*
****
#.#.######........+^,,,,,,,
,,,*
#.#...........$..[***,,****
,,,*
#.#..####....)....,,,,,,,,,
,,,** #.##.#*
*,,,,,,,,,,,,,*****


You could see a gnoll (poisoned).

Vanquished Creatures
  A bat (D:1)
  2 goblins (D:1)
  A hobgoblin (D:1)
4 creatures vanquished.

Notes
Turn   | Place    | Note
-------+----------+-------------------------------------------
     0 | D:1      | qw the Naga Hunter began the quest for the Orb.
     0 | D:1      | Reached XP level 1. HP: 19/19 MP: 1/1
     0 | D:1      | 0 ||| qw: Version: 0.3-a-7-ge0c9b40
     0 | D:1      | 0 ||| qw: Game counter: 1002
     0 | D:1      | 0 ||| qw: Always use a shield: true
     0 | D:1      | 0 ||| qw: God list: Okawaru
     0 | D:1      | 0 ||| qw: Allow faded altars: false
     0 | D:1      | 0 ||| qw: Do Orc after D:15 true
     0 | D:1      | 0 ||| qw: Do second Lair branch before Depths: true
     0 | D:1      | 0 ||| qw: Lair rune preference: random
     0 | D:1      | 0 ||| qw: Plans: Normal
     0 | D:1      | 0 ||| PLANNING D:1-11
     6 | D:1      | Noticed an iguana
     6 | D:1      | Noticed a polar bear
     6 | D:1      | Noticed a swamp drake
     7 | D:1      | Noticed a killer bee
     7 | D:1      | Noticed a black mamba
    19 | D:1      | 19 ||| INVOKING Spit Poison.
   173 | D:1      | 173 ||| INVOKING Spit Poison.
   177 | D:1      | 177 ||| INVOKING Spit Poison.
   178 | D:1      | 178 ||| INVOKING Spit Poison.
   179 | D:1      | HP: 3/19 [gnoll/+0 spear (2)]
   180 | D:1      | 180 ||| READING scroll labelled UPY IXZASEKA.
   180 | D:1      | Slain by a gnoll

Levels and vault maps discovered:
D:1:      onia_arrival_zoo_common, layout_basic

Action                     || total
---------------------------++-------
   Fire: Shortbow          ||     6
Ability: Spit Poison       ||     3
    Use: Scroll            ||     1
  Dodge: Dodged            ||     2

Table legend:
 A = Non-vault XP
 B = Vault XP
 C = Vault XP percentage of total XP
 D = Non-vault monster count
 E = Vault monster count
 F = Vault count percentage of total count
                 A         B        C        D         E       F
            +---------+---------+-------+---------+---------+-------
      Total |       8 |       0 |   0.0 |       4 |       0 |   0.0
            +---------+---------+-------+---------+---------+-------
        D:1 |       8 |       0 |   0.0 |       4 |       0 |   0.0
            +---------+---------+-------+---------+---------+-------
